 Dungeon Crawl Stone Soup version 0.28.0 (webtiles) character file.

Game seed: 2799896712790812728

120082 brinewave the Severer (level 16, -3/155 HPs)
             Began as a Minotaur Berserker on Feb 18, 2022.
             Was the Champion of Trog.
             Hit by a large rock thrown by a cyclops (9 damage)
             ... on level 12 of the Dungeon on Feb 19, 2022.
             The game lasted 01:32:49 (25424 turns).

brinewave the Severer (Minotaur Berserker)         Turns: 25424, Time: 01:32:49

Health: -3/155     AC: 29    Str: 30    XL:     16   Next: 29%
Magic:  15/15      EV: 21    Int:  6    God:    Trog [******]
Gold:   2246       SH:  8    Dex: 21    Spells: 15/15 levels left

rFire   . . .      SeeInvis +   L - +7 war axe (flame)
rCold   + . .      Faith    +   x - +1 buckler
rNeg    . . .      Spirit   .   B - +8 chain mail of Izxan {Harm rCorr Int+2}
rPois   .          Reflect  .   (helmet restricted)
rElec   +          Harm     +   h - +2 cloak
rCorr   +          Rampage  .   H - +0 pair of fencer's gloves {Riposte Dex+3}
Will    ++...                   Z - +0 pair of boots of Peutama {rElec Slay+2}
Stlth   ..........              i - amulet "Jiw Gaq" {Faith rElec rC+ Dex+6}
HPRegen 0.35/turn               W - ring of Edoifrin {EV+4 Dex+2 SInv}
MPRegen 0.14/turn               K - ring of willpower

@: lethally poisoned (-3 -> -69)
A: horns 2, retaliatory headbutt
a: Renounce Religion, Berserk, Trog's Hand, Brothers in Arms


You were on level 12 of the Dungeon.
You worshipped Trog.
Trog was exalted by your worship.
You visited 3 branches of the dungeon, and saw 20 of its levels.
You also visited: Gauntlet and Ice Cave.

You collected 2361 gold pieces.
You spent 115 gold pieces at shops.

Inventory:

Hand Weapons
 a - a +5 war axe of freezing
 I - a +4 vampiric hand axe
 L - a +7 war axe of flaming (weapon)
 O - a +4 vorpal battleaxe
 P - the +12 longbow of Mutilation {venom, rCorr Str+5 Dex-2}
   (You found it on level 3 of the Lair of Beasts)

   Any ammunition fired from it poisons the flesh of those it strikes.
   Str:       It affects your strength (+5).
   Dex:       It affects your dexterity (-2).
   rCorr:     It protects you from acid and corrosion.
 X - the +6 quarterstaff of the Saving Spider {protect, MP+9}
   (You took it off a minotaur in a Gauntlet)

   It grants its wielder temporary protection when it strikes (+7 to AC).
   MP:        It affects your magic capacity (+9).
Missiles
 g - 697 arrows
Armour
 h - a +2 cloak (worn)
 j - a +2 pair of gloves of hurling
 l - the +0 robe of the Gate {rC+ Will+}
   (You found it on level 9 of the Dungeon)

   rC:        It protects you from cold.
   Will:      It increases your willpower.
 v - the +1 ring mail of Qotser {+Blink SInv}
   (You found it on level 11 of the Dungeon)

   SInv:      It lets you see invisible.
   +Blink:    It lets you blink.
 x - a +1 buckler (worn)
 B - the +8 chain mail of Izxan (worn) {Harm rCorr Int+2}
   (You found it on level 7 of the Dungeon)

   Int:       It affects your intelligence (+2).
   rCorr:     It protects you from acid and corrosion.
   Harm:      It increases damage dealt and taken.
 H - the +0 pair of fencer's gloves (worn) {Riposte Dex+3}
   (You found it on level 9 of the Dungeon)

   It allows the wearer to riposte with melee weapons, swiftly retaliating
   against missed attacks.
   Dex:       It affects your dexterity (+3).
 V - a +3 leather armour of cold resistance
 Y - a +2 plate armour of fire resistance
 Z - the +0 pair of boots of Peutama (worn) {rElec Slay+2}
   (You found it on level 12 of the Dungeon)

   Slay:      It affects your accuracy & damage with ranged weapons and melee
   (+2).
   rElec:     It insulates you from electricity.
Jewellery
 i - the amulet "Jiw Gaq" (around neck) {Faith rElec rC+ Dex+6}
   (You found it on level 11 of the Dungeon)

   [amulet of faith]

   It allows you to gain divine favour quickly.
   Dex:       It affects your dexterity (+6).
   rC:        It protects you from cold.
   rElec:     It insulates you from electricity.
 u - an amulet of faith
 C - a ring of protection from fire
 D - a +4 ring of protection
 F - an amulet of reflection
 K - a ring of willpower (right hand)
 S - the amulet "Olaumnak" {Acrobat rPois}
   (You found it in an ice cave)

   [amulet of the acrobat]

   It increases your evasion while moving and waiting.
   rPois:     It protects you from poison.
 T - a ring of protection from cold
 W - the ring of Edoifrin (left hand) {EV+4 Dex+2 SInv}
   (You found it in a Gauntlet)

   [ring of evasion]

   EV:        It affects your evasion (+4).
   Dex:       It affects your dexterity (+2).
   SInv:      It lets you see invisible.
Wands
 s - a wand of iceblast (25)
 t - a wand of mindburst (12)
 E - a wand of polymorph (10)
 G - a wand of acid (2)
 Q - a wand of flame (37)
Scrolls
 d - a scroll of fear
 e - 4 scrolls of fog
 r - a scroll of holy word
 A - 6 scrolls of teleportation
 M - 8 scrolls of identify
 N - 3 scrolls of blinking
 R - a scroll of enchant weapon
Potions
 b - 5 potions of cancellation
 c - 4 potions of flight
 f - 12 potions of curing
 k - 3 potions of heal wounds
 n - 2 potions of berserk rage
 o - 8 potions of invisibility
 w - a potion of resistance
 z - 5 potions of might
 J - a potion of haste
 U - a potion of ambrosia
Miscellaneous
 m - a condenser vane
 p - a box of beasts
 y - a tin of tremorstones (2/2)


   Skills:
 + Level 17.5 Fighting
 + Level 17.5 Axes
 + Level 17.3 Armour
 + Level 11.8 Dodging
 - Level 9.4 Shields


You had 15 spell levels left.
You didn't know any spells.
Your spell library was empty.

Dungeon Overview and Level Annotations

Branches:
Dungeon (12/15)            Temple (0/1) D:5            Lair (6/6) D:10
 Shoals (0/4) Lair:2       Spider (0/4) Lair:3        Slime (0/5) Lair:5
    Orc (2/2) D:10            Elf (0/3) Orc:2         IceCv (visited)
Gauntlet (visited)

Altars:
Dithmenos
Elyvilon
Fedhas
Gozag
Hepliaklqana
Kikubaaqudgha
Makhleb
Nemelex Xobeh
Qazlal
Ru
Sif Muna
Vehumet
Xom
Zin
The Shining One
Beogh

Shops:
Orc:2 [(*:


Innate Abilities, Weirdness & Mutations

You have a pair of horns on your head.
You reflexively headbutt those who attack you in melee.


Message History

You hear a shout!
The green very ugly thing completely misses you.
A cyclops comes into view.
You slash the green very ugly thing! You burn the green very ugly thing.
The green very ugly thing is lightly wounded.
The green very ugly thing gores you.
You slash the green very ugly thing! You burn the green very ugly thing.
Your headbutt misses the green very ugly thing.
The green very ugly thing is moderately wounded.
The green very ugly thing gores you.
You are poisoned.
The green very ugly thing poisons you!
You hit the green very ugly thing. You burn the green very ugly thing.
The green very ugly thing is heavily wounded.
You feel extremely sick.
You slice the green very ugly thing!! You burn the green very ugly thing.
Your headbutt misses the green very ugly thing.
The green very ugly thing is severely wounded.
You feel extremely sick. The green very ugly thing gores you!
You are lethally poisoned!
The green very ugly thing poisons you!
You hit the green very ugly thing. You burn the green very ugly thing.
The green very ugly thing is severely wounded.
You feel extremely sick.
You block the green very ugly thing's attack.
You slice the green very ugly thing!! You burn the green very ugly thing.
You kill the green very ugly thing!
Trog accepts your kill.
You feel extremely sick.
A cyclops comes into view.
* * * LOW HITPOINT WARNING * * *
You feel extremely sick.
The cyclops shouts!
Things that are here:
a +0 dagger; a +0 leather armour; an elf corpse
* * * LOW HITPOINT WARNING * * *
You feel extremely sick.
The cyclops throws a large rock.
The large rock hits you!
You die...

.............#
##C....###..#
##......##...#
##.......#....#
##?...........## ##
##.....###......#
##..#......##....#..####
#.?(..)....#......†.....
..../!...@.....(.#........
####C.######....##........
#... #...)...........
#.... ....####.≈≈.^...
#.... .## #§≈§..... .....
#...≈≈... #........
########........
................


You could see 2 cyclopes.

Vanquished Creatures
  An azure jelly (IceCv)
  The ghost of catcat the Severer, a journeyman HOFi of Uskayaw (Lair:6)
  2 quicksilver oozes (IceCv)
  A very ugly thing (D:12)
  A minotaur (Gauntlet)
  Erolcha (D:12)
  9 hydras
  2 centaur warriors (Orc:2)
  A boulder beetle (D:12)
  4 two-headed ogres
  10 death yaks
  14 spriggans (Lair:6)
  Nergalle (D:11)
  A glowing orange brain (shapeshifter) (D:12)
  4 orc knights (Orc:2)
  2 wizards
  2 deep elf pyromancers
  3 cyclopes
  An oklob plant (Gauntlet)
  4 wolf spiders
  A moth of wrath (Gauntlet)
  6 black mambas
  An ice statue (IceCv)
  Maurice (D:12)
  11 elephants
  2 torpor snails
  8 cane toads
  2 gargoyles (D:12)
  2 unseen horrors
  3 rime drakes
  A kobold demonologist (D:9)
  4 entropy weaver simulacra (IceCv)
  10 komodo dragons
  4 trolls
  5 hornets
  10 polar bears
  14 slime creatures
  27 blink frogs
  2 dream sheep (Lair:6)
  38 yaks
  5 flying skulls (Gauntlet)
  3 wraiths
  A culicivora (shapeshifter) (D:12)
  2 vampires
  3 wyverns
  A golden eye (shapeshifter) (D:9)
  2 swamp worms (D:8)
  6 vampire mosquitoes
  6 wargs
  5 demonic crawler simulacra (IceCv)
  2 acid dragons (Gauntlet)
  12 water moccasins
  34 orc warriors
  3 black bears
  3 sky beasts
  A swamp drake (D:10)
  6 boggarts (Lair:6)
  5 ugly thing simulacra (IceCv)
  A necrophage (D:6)
  29 wolves
  18 centaurs
  7 ogres
  2 phantoms
  2 kobold brigands
  2 glowing shapeshifter simulacra (IceCv)
  16 bullfrogs
  A water moccasin zombie (D:5)
  A wyvern skeleton (D:6)
  A water moccasin skeleton (D:4)
  9 wights
  An electric eel (Lair:5)
  A howler monkey (D:12)
  3 centaur zombies
  2 gnoll shamans
  5 hounds
  Crazy Yiuf (D:3)
  16 orc priests
  5 jellies
  2 bullfrog skeletons (D:5)
  2 iguanas
  5 hell rats (Lair:2)
  19 orc wizards
  A howler monkey skeleton (D:6)
  7 gnolls
  5 adders
  14 white imps
  An adder skeleton (D:4)
  2 dart slugs
  73 orcs
  10 ball pythons
  4 endoplasms (Lair:5)
  2 giant cockroaches
  7 goblins
  6 hobgoblins
  8 jackals
  6 quokkas
  8 bats
  3 frilled lizards
  14 kobolds
  A rat (D:1)
640 creatures vanquished.

Vanquished Creatures (others)
  25 fungi
  58 plants
83 creatures vanquished.

Grand Total: 723 creatures vanquished

Notes
Turn   | Place    | Note
-------+----------+-------------------------------------------
     0 | D:1      | brinewave the Minotaur Berserker began the quest for the
                  | Orb.
     0 | D:1      | Reached XP level 1. HP: 19/19 MP: 0/0
    71 | D:1      | Found a faded altar of an unknown god.
   461 | D:1      | Reached XP level 2. HP: 27/27 MP: 1/1
  1033 | D:2      | Reached XP level 3. HP: 32/33 MP: 2/2
  1124 | D:2      | Reached ** piety under Trog
  1627 | D:2      | Reached XP level 4. HP: 27/41 MP: 3/3
  2439 | D:3      | Found an opulent altar of Gozag.
  3220 | D:3      | Reached skill level 5 in Fighting
  3220 | D:3      | Reached XP level 5. HP: 43/48 MP: 4/4
  3327 | D:3      | Found a runed translucent door.
  3328 | D:3      | Noticed Crazy Yiuf
  3334 | D:3      | Killed Crazy Yiuf
  3335 | D:3      | Reached skill level 5 in Axes
  3585 | D:4      | Found a stormy altar of Qazlal.
  3643 | D:4      | Found a hazy altar of Hepliaklqana.
  3906 | D:4      | Noticed a sky beast
  3932 | D:4      | Killed a sky beast
  3933 | D:4      | Reached skill level 5 in Armour
  3933 | D:4      | Reached XP level 6. HP: 52/57 MP: 5/5
  4294 | D:5      | Entered Level 5 of the Dungeon
  4315 | D:5      | Noticed a sky beast
  4332 | D:5      | Killed a sky beast
  4333 | D:5      | Reached XP level 7. HP: 63/63 MP: 6/6
  4584 | D:5      | Reached *** piety under Trog
  4664 | D:5      | Noticed a yak
  4677 | D:5      | Killed a yak
  4689 | D:5      | Noticed a yak
  4689 | D:5      | Noticed a yak
  4689 | D:5      | Noticed a yak
  4713 | D:5      | Killed a yak
  4847 | D:5      | Noticed a yak
  4873 | D:5      | Killed a yak
  4874 | D:5      | Reached XP level 8. HP: 73/73 MP: 7/7
  4965 | D:5      | Found a staircase to the Ecumenical Temple.
  6416 | D:6      | Reached skill level 1 in Shields
  6571 | D:6      | Reached XP level 9. HP: 76/82 MP: 8/8
  7604 | D:7      | Found a white marble altar of Elyvilon.
  7604 | D:7      | Found a glowing golden altar of the Shining One.
  7605 | D:7      | Found a glowing silver altar of Zin.
  7839 | D:7      | Identified the +8 chain mail of Izxan {Harm rCorr Int+2}
  8400 | D:8      | Found a shadowy altar of Dithmenos.
  8470 | D:8      | Reached **** piety under Trog
  8610 | D:8      | Found a shimmering altar of Xom.
  8860 | D:8      | Reached skill level 10 in Fighting
  8860 | D:8      | Reached skill level 10 in Axes
  8970 | D:8      | Reached skill level 5 in Shields
  8970 | D:8      | Reached XP level 10. HP: 83/93 MP: 9/9
  9560 | D:9      | Reached skill level 10 in Armour
 10338 | D:9      | Found a blossoming altar of Fedhas.
 10338 | D:9      | Found a faded altar of an unknown god.
 10345 | D:9      | Found a faded altar of an unknown god.
 10349 | D:9      | Found a shimmering blue altar of Sif Muna.
 10351 | D:9      | Found a burning altar of Makhleb.
 10436 | D:9      | Found a sacrificial altar of Ru.
 10526 | D:9      | Noticed a wizard
 10526 | D:9      | Noticed a deep elf pyromancer
 10542 | D:9      | Killed a deep elf pyromancer
 10547 | D:9      | Killed a wizard
 10547 | D:9      | Reached ***** piety under Trog
 10790 | D:9      | Noticed a four-headed hydra
 10790 | D:9      | Noticed a cyclops
 10809 | D:9      | Killed a seven-headed hydra
 10856 | D:9      | Killed a cyclops
 10874 | D:9      | Noticed a wolf spider
 10891 | D:9      | Killed a wolf spider
 10892 | D:9      | Reached XP level 11. HP: 38/102 MP: 10/10
 11134 | D:9      | Noticed a wolf spider
 11137 | D:9      | Killed a wolf spider
 11173 | D:9      | Noticed an eight-headed hydra
 11182 | D:9      | Killed a 12-headed hydra
 11225 | D:9      | Found the +0 pair of fencer's gloves {Riposte Dex+3}
 11240 | D:9      | Identified the +0 robe of the Gate {rC+ Will+}
 11305 | D:10     | Entered Level 10 of the Dungeon
 11415 | D:10     | Found a staircase to the Lair.
 11594 | D:10     | Found an ancient bone altar of Kikubaaqudgha.
 11767 | D:10     | Noticed a two-headed ogre
 11775 | D:10     | Killed a two-headed ogre
 12327 | D:10     | Found a staircase to the Orcish Mines.
 12567 | Lair:1   | Entered Level 1 of the Lair of Beasts
 12581 | Lair:1   | Noticed a six-headed hydra
 12594 | Lair:1   | Killed a 12-headed hydra
 13343 | Lair:2   | Reached XP level 12. HP: 91/112 MP: 11/11
 13637 | Lair:2   | Found a staircase to the Shoals.
 14460 | Lair:3   | Found a hole to the Spider Nest.
 14553 | Lair:3   | Reached skill level 5 in Dodging
 14637 | Lair:3   | Noticed a four-headed hydra
 14715 | Lair:2   | Received a gift from Trog
 14782 | Lair:2   | Killed an 11-headed hydra
 14847 | Lair:3   | Reached XP level 13. HP: 123/124 MP: 12/12
 15121 | Lair:3   | Identified the +12 longbow of Mutilation {venom, rCorr
                  | Str+5 Dex-2}
 17185 | Lair:5   | Received a gift from Trog
 17190 | Lair:5   | Found a staircase to the Slime Pits.
 17240 | Lair:5   | Found a frozen archway.
 17269 | IceCv    | Entered an ice cave
 17495 | IceCv    | Reached skill level 15 in Fighting
 17529 | IceCv    | Reached skill level 15 in Axes
 17860 | IceCv    | Noticed a quicksilver ooze
 17872 | IceCv    | Killed a quicksilver ooze
 17971 | IceCv    | Reached skill level 15 in Armour
 17987 | IceCv    | Found a viscous altar of Jiyva.
 17987 | IceCv    | Noticed an azure jelly
 18009 | IceCv    | Killed an azure jelly
 18156 | IceCv    | Noticed a quicksilver ooze
 18173 | IceCv    | Killed a quicksilver ooze
 18488 | IceCv    | Identified the amulet "Olaumnak" {Acrobat rPois}
 19486 | Lair:6   | Entered Level 6 of the Lair of Beasts
 19487 | Lair:6   | Identified a scroll of acquirement
 19494 | Lair:6   | Acquired a +7 war axe of flaming
 19536 | Lair:6   | Reached XP level 14. HP: 135/135 MP: 13/13
 19875 | Lair:6   | Found a runed translucent door.
 19878 | Lair:6   | Noticed catcat's ghost (journeyman HOFi)
 19879 | Lair:6   | Identified the +2 trident of the Lamprey {holy, rC+}
 19913 | Lair:6   | Killed catcat's ghost
 20105 | Lair:6   | Reached ****** piety under Trog
 20241 | Lair:6   | Received a gift from Trog
 20302 | Lair:6   | Found the +6 arbalest "Damnation" {damnation}
 20324 | Lair:6   | Reached skill level 10 in Dodging
 21018 | Orc:1    | Entered Level 1 of the Orcish Mines
 21427 | Orc:2    | Entered Level 2 of the Orcish Mines
 21427 | Orc:2    | Found a staircase to the Elven Halls.
 21471 | Orc:2    | Received a gift from Trog
 21518 | Orc:2    | Found a radiant altar of Vehumet.
 21741 | Orc:2    | Found Mergh's Assorted Antiques.
 21741 | Orc:2    | Found Mickeix's Antique Weapon Emporium.
 21743 | Orc:2    | Found Zurajoi's Antique Armour Shoppe.
 21745 | Orc:2    | Found Lesixzewk's Book Boutique.
 21771 | Orc:2    | Found a gate leading to a gauntlet.
 21784 | Gauntlet | Entered a Gauntlet
 21784 | Gauntlet | Found a transporter.
 21784 | Gauntlet | Found a transporter.
 21784 | Gauntlet | Found a transporter.
 21950 | Gauntlet | Found a transporter.
 21965 | Gauntlet | Found a transporter.
 21969 | Gauntlet | Found a large runed translucent door.
 21970 | Gauntlet | Found a large runed translucent door.
 21988 | Gauntlet | Found a transporter.
 22004 | Gauntlet | Found a transporter.
 22032 | Gauntlet | Found a transporter.
 22036 | Gauntlet | Found a transporter.
 22106 | Gauntlet | Found a transporter.
 22115 | Gauntlet | Found a large runed translucent door.
 22115 | Gauntlet | Found a large runed translucent door.
 22115 | Gauntlet | Found a runed translucent door.
 22115 | Gauntlet | Found a runed translucent door.
 22115 | Gauntlet | Found a large runed translucent door.
 22115 | Gauntlet | Found a large runed translucent door.
 22115 | Gauntlet | Found a large runed translucent door.
 22115 | Gauntlet | Found a large runed translucent door.
 22115 | Gauntlet | Found a large runed translucent door.
 22115 | Gauntlet | Found a large runed translucent door.
 22116 | Gauntlet | Found a large runed translucent door.
 22116 | Gauntlet | Found a large runed translucent door.
 22117 | Gauntlet | Found a large runed translucent door.
 22117 | Gauntlet | Found a large runed translucent door.
 22117 | Gauntlet | Found a large runed translucent door.
 22117 | Gauntlet | Found a large runed translucent door.
 22118 | Gauntlet | Found a runed translucent gate.
 22118 | Gauntlet | Found a runed translucent gate.
 22118 | Gauntlet | Found a runed translucent gate.
 22119 | Gauntlet | Found a transporter.
 22121 | Gauntlet | Found a transporter.
 22209 | Gauntlet | Identified the ring of Edoifrin {EV+4 Dex+2 SInv}
 22257 | Gauntlet | Identified the +6 quarterstaff of the Saving Spider
                  | {protect, MP+9}
 22473 | Orc:2    | Bought a scroll of identify for 46 gold pieces
 22473 | Orc:2    | Bought a potion of curing for 69 gold pieces
 22693 | Orc:2    | Reached XP level 15. HP: 146/146 MP: 14/14
 22699 | Orc:2    | Received a gift from Trog
 23561 | D:11     | Noticed Nergalle
 23569 | D:11     | Killed Nergalle
 23604 | D:11     | Found a sparkling altar of Nemelex Xobeh.
 23792 | D:11     | Identified the amulet "Jiw Gaq" {Faith rElec rC+ Dex+6}
 24312 | D:11     | Identified the +1 ring mail of Qotser {+Blink SInv}
 24686 | D:12     | Noticed Erolcha
 24692 | D:12     | Killed Erolcha
 24712 | D:12     | Reached XP level 16. HP: 155/155 MP: 15/15
 24916 | D:12     | Noticed Maurice
 24927 | D:12     | Killed Maurice
 25165 | D:12     | Identified the +0 pair of boots of Peutama {rElec Slay+2}
 25245 | D:12     | Received a gift from Trog
 25424 | D:12     | HP: 6/155 [poisoned by a green very ugly thing]
 25424 | D:12     | Hit by a large rock thrown by a cyclops

Illustrated notes

Levels and vault maps discovered:
D:1:      dpeg_arrival_round_c, layout_basic, basic_ecumenical_altar
D:2:      layout_loops_corners, hangedman_decor_lopped
D:3:      layout_loops_corners, grunt_gozag_statues, st_stairs_7,
          uniq_crazy_yiuf_cottage
D:4:      layout_loops_ring, marbit_many_paths, grunt_qazlal_clouds,
          minmay_fractal_squares_5
D:5:      layout_basic, minmay_temple_entry_tees, kennysheep_generic_room_5
D:6:      layout_basic
D:7:      layout_basic, good_gods_mini_temple, grunt_decor_fettered
D:8:      wad_pebble_path, layout_basic, lemuel_tele_altar,
          mainiacjoe_overflow_alcove_2, worms_lemuel
D:9:      minmay_sliced_demisemicircle, layout_irregular_city,
          chequers_temple_overflow_minitemple, lemuel_doored_altar
D:10:     layout_roguey, amcnicky_altar_gilded, erik_lair_orcish_takeover,
          erik_orc_1, billiards_dpeg
D:11:     layout_irregular_city, serial_rivers, chequers_serial_rivers_small_3,
          chequers_serial_rivers_large_b, chequers_serial_rivers_room_b,
          chequers_serial_rivers_micro_a, chequers_serial_rivers_micro_b,
          chequers_serial_rivers_micro_e, nemelex_altar_shiori, uniq_nergalle
D:12:     minmay_outward_triangles, layout_basic, kennysheep_decorative_pillar,
          uniq_maurice, uniq_erolcha
Lair:1:   layout_cellular_growth
Lair:2:   layout_roguey, minmay_shoals_entry_centaurs, cheibrodos_lair_lostbears
Lair:3:   layout_layer_cave, dummy_spider_entry, lemuel_old_faithful,
          grunt_megastairs_5
Lair:4:   layout_cave_pods, serial_forest, infiniplex_forest_clump_tiny,
          infiniplex_forest_lined_room_2, infiniplex_forest_lined_room_2,
          infiniplex_forest_end_3, infiniplex_forest_zigzag_2,
          infiniplex_forest_lined_ring, infiniplex_forest_clump_tiny,
          infiniplex_forest_lined_room_2, nicolae_lair_run_with_the_wolves,
          lemuel_fruit_tree, infiniplex_staircase_pool_2
Lair:5:   layout_misc_corridors, nicolae_slime_entry_slimehenge,
          portal_ice_cave_entry_imps, st_stairs_5, patterned_corridor,
          serial_bayou_shore_a
Lair:6:   minmay_lair_end_enchanted_forest, layout_regular_city,
          ebering_ghost_funeral_grove
Orc:1:    layout_diamond_mine, lemuel_statue_altar
Orc:2:    st_orc_rangers, layout_caves, basic_altar, gauntlet_entry_generic

Skill      XL: |  1  2  3  4  5  6  7  8  9 10 11 12 13 14 15 |
---------------+----------------------------------------------+-----
Axes           | 4 5 6 7 8 10 11 12 14 15 16 17 | 17.5
Fighting       | 4 5 6 7 8 10 11 12 14 15 16 17 | 17.5
Armour         | 3 4 5 7 8 9 11 12 14 15 16 17 | 17.3
Shields        | 1 5 7 9 |  9.4
Dodging        | 6 8 10 11 | 11.8

Action                   |  1- 3 |  4- 6 |  7- 9 | 10-12 | 13-15 | 16-18 || total
-------------------------+-------+-------+-------+-------+-------+-------++-------
Melee: Hand axe          |    19 |       |       |   140 |       |       ||   159
       Headbutt          |     8 |    20 |    45 |    88 |   183 |    12 ||   356
       Dagger            |    58 |   121 |   104 |       |       |       ||   283
       War axe           |       |       |   139 |   305 |   676 |    36 ||  1156
Throw: Dart              |     4 |       |     9 |     5 |       |       ||    18
       Javelin           |       |       |       |     2 |       |       ||     2
Invok: Berserk           |     1 |     1 |     2 |     2 |     1 |       ||     7
  Use: Scroll            |       |    15 |     5 |     9 |    10 |     1 ||    40
       Potion            |       |       |       |       |     1 |       ||     1
Armor: Animal skin       |     6 |       |       |       |       |       ||     6
       Scale mail        |    18 |    38 |    29 |       |       |       ||    85
       Chain mail        |       |       |    98 |   313 |   225 |     1 ||   637
       Robe              |       |       |       |       |    28 |       ||    28
Dodge: Dodged            |    33 |    52 |    83 |   184 |   358 |    17 ||   727
Block: Buckler           |     3 |     9 |    23 |   230 |   223 |     6 ||   494
       Reflection        |       |       |       |     7 |     2 |       ||     9
       Rpst.: War axe    |       |       |       |    20 |    63 |     6 ||    89
       Hand axe          |       |       |       |     8 |       |       ||     8
